 Dungeon Crawl Stone Soup version 0.17-a0-2171-ga91b4ec (webtiles) character file.

135 Gruud the Insei (level 4, -3/33 HPs)
             Began as a Demonspawn Transmuter on Oct 25, 2015.
             Slain by an orc priest
             ... wielding a +0 falchion
              (6 damage)
             ... on level 3 of the Dungeon.
             The game lasted 00:09:11 (2769 turns).

Gruud the Insei (Demonspawn Transmuter)             Turns: 2769, Time: 00:09:12

Health: -3/33      AC: 10    Str: 10    XL:     4   Next: 96%
Magic:  7/7        EV:  8    Int: 15    God:
Gold:   112        SH:  0    Dex: 14    Spells: 2 memorised, 4 levels left

rFire  . . .     SeeInvis .       - Unarmed
rCold  . . .     Clarity  .     n - +0 scale mail
rNeg   . . .     SustAt   .     (no shield)
rPois  .         Gourm    .     i - +0 helmet
rElec  .         Spirit   .     (no cloak)
rCorr  .         Warding  .     (no gloves)
rMut   .         Stasis   .     (no boots)
MR     .....                    r - amulet of rage
Stlth  ..........               (no ring)
                                (no ring)

@: not resistant to hostile enchantments, extremely unstealthy
A: hooves 1, molten scales 2
a: Evoke Berserk Rage


You were on level 3 of the Dungeon.
You were not hungry.

You visited 1 branch of the dungeon, and saw 3 of its levels.

You collected 112 gold pieces.

Inventory:

Hand Weapons
 a - a +0 hunting sling
Missiles
 g - 46 sling bullets
 m - 16 sling bullets of frost
 p - 14 silver sling bullets
Armour
 b - a +0 robe
 i - a +0 helmet (worn)
 n - a +0 scale mail (worn)
Jewellery
 r - an amulet of rage (around neck)
Scrolls
 l - a scroll of remove curse
Potions
 e - a potion of brilliance {unknown}
 f - a potion of curing {unknown}
 h - a potion of agility {unknown}
 k - a potion of cancellation
 q - a potion of might {unknown}
 s - a potion of haste {unknown}
Books
 c - a book of Changes

   Spells                             Type                      Level
   a - Beastly Appendage              Transmutation                1
   b - Sticks to Snakes               Transmutation                2
   c - Spider Form                    Transmutation/Poison         3
   d - Ice Form                       Ice/Transmutation            4
   e - Blade Hands                    Transmutation                5
Comestibles
 d - 3 bread rations
 o - a meat ration


   Skills:
 - Level 1.7 Fighting
 * Level 1.7 Armour
 - Level 2.1 Dodging
 * Level 4.2 Unarmed Combat
 - Level 2.0 Spellcasting
 - Level 1.7 Transmutations
 + Level 0.6 Evocations


You had 4 spell levels left.
You knew the following spells:

 Your Spells              Type           Power        Failure   Level  Hunger
a - Beastly Appendage     Trmt           #.....       80%         1    #......
b - Sticks to Snakes      Trmt           #.........   94%         2    ###....


Dungeon Overview and Level Annotations

Branches:
Dungeon (3/15)

Altars:
Dithmenos

Annotations:
D:3 Sigmund


Innate Abilities, Weirdness & Mutations

You have large cloven feet.
You are mostly covered in molten scales (AC +3, EV -1).


Message History

You barely resist.
You hit the orc priest but do no damage.
Your kick misses the orc priest.
The orc priest is severely wounded.
The orc priest hits you but does no damage.
You are too injured to fight recklessly!
You are too injured to fight recklessly!
You hit the orc priest but do no damage.
The orc priest is severely wounded.
The orc priest barely misses you.
You barely miss the orc priest.
The orc priest is severely wounded.
You barely miss the orc priest.
You kick the orc priest, but do no damage.
The orc priest is severely wounded.
The orc priest hits you but does no damage.
You closely miss the orc priest.
The orc priest is severely wounded.
The orc priest hits you with a falchion.
You die...

#.#.# #.# ####.####.. #.#.#
#.# #... ......
#######.#.###.###.##....###
.......................#
#........###.###.####.#
#####..### #...#.# #..#
#.#.#.# #..#######.#.#
#...o@.....#.#
#'##########.# .... #.#
....o.o #.# #......oo #.###
#......... #...#
#......o... ###.#
#..........# #.# #.#


You could see an orc priest.

Vanquished Creatures
  Jessica (D:2)
  6 adders
  An ooze (D:1)
  A worm (D:2)
  4 orcs (D:3)
  A ball python (D:1)
  6 bats
  5 hobgoblins
  A quokka (D:2)
  3 giant cockroaches
  3 giant newts
  8 goblins
  6 kobolds
  2 rats
48 creatures vanquished.

Notes
Turn   | Place    | Note
--------------------------------------------------------------
     0 | D:1      | Gruud the Demonspawn Transmuter began the quest for the Orb.
     0 | D:1      | Reached XP level 1. HP: 15/15 MP: 3/3
   208 | D:1      | Reached skill level 3 in Unarmed Combat
   208 | D:1      | Lost mutation: You have claws for feet. [demonic ancestry]
   208 | D:1      | Lost mutation: You have razor-sharp toenails. [demonic ancestry]
   208 | D:1      | Lost mutation: You have sharp toenails. [demonic ancestry]
   208 | D:1      | Gained mutation: You have large cloven feet. [demonic ancestry]
   208 | D:1      | Reached XP level 2. HP: 9/21 MP: 3/5
   514 | D:1      | Learned a level 2 spell: Sticks to Snakes
   866 | D:1      | Gained mutation: You are partially covered in molten scales (AC +1). [demonic ancestry]
   866 | D:1      | Reached XP level 3. HP: 19/26 MP: 6/6
  1152 | D:2      | Found a shadowy altar of Dithmenos.
  1333 | D:2      | Reached skill level 1 in Armour
  1547 | D:2      | Gained mutation: You are mostly covered in molten scales (AC +3, EV -1). [demonic ancestry]
  1547 | D:2      | Reached XP level 4. HP: 11/33 MP: 7/7
  2279 | D:2      | Noticed Jessica
  2285 | D:2      | Killed Jessica
  2285 | D:2      | Reached skill level 4 in Unarmed Combat
  2362 | D:3      | Noticed Sigmund
  2769 | D:3      | Slain by an orc priest

Vault maps used:
D:1:      scummos_arrival_simple_crosswalls, hangedman_decor_growths
D:2:      nicolae_dithmenos_shadow_blocks, uniq_jessica
D:3:      first_bread, grunt_ministairs_4, minmay_misc_feat_enclosed, hex_tiny,
          uniq_grinder, uniq_sigmund

Action                   |  1- 3 |  4- 6 || total
-------------------------+-------+-------++-------
Melee: Unarmed           |   186 |   146 ||   332
 Cast: Beastly Appendage |     4 |       ||     4
  Use: Scroll            |     2 |     1 ||     3
       Potion            |     1 |     4 ||     5
  Eat: Chunk             |     2 |     4 ||     6
